Map: Lerilak Crest

Players

LilDicky

  • Race: Terran Terran
  • League: Diamond

Positive - Winner!

  • Race: Terran Terran
  • League: Diamond

VOD

http://www.twitch.tv/tumescentpie

Description

Time

  • Played on: Dec. 1, 2015, 2:57 p.m.
  • Length: 7:15
Show
View Real Time Build Order
Export as new Build Order

LilDicky Terran 

Build Orders: Banshee Rush 

Get SALT Encoding   

  12  0:01  SCV  
  13  0:13  SCV  
  14  0:17  Supply Depot  
  14  0:25  SCV  
  15  0:30  Refinery  
  15  0:39  SCV  
  16  0:45  Barracks  
  16  0:51  SCV  
  17  1:03  SCV  
  18  1:17  SCV  
  19  1:30  SCV  
  20  1:33  Reaper  
  21  1:41  Refinery  
  21  1:42  Orbital Command  
  21  1:50  Supply Depot  
  21  2:01  Factory  
  21  2:07  Marine  
  22  2:08  Supply Depot  
  22  2:21  SCV  
  23  2:32  Marine  
  23  2:33  SCV  
  24  2:45  Hellion  
  24  2:46  SCV  
  24  2:47  Starport  
  24  2:50  Marine  
  28  2:59  SCV  
  28  3:05  Supply Depot  
  29  3:08  Marine  
  30  3:13  Factory Tech Lab  
  30  3:14  SCV  
  30  3:27  Supply Depot  
  29  3:42  Command Center, Banshee  
  29  3:46  Cloaking Field  
  32  3:52  Widow Mine  
  32  3:54  SCV  
  35  4:02  Engineering Bay  
  35  4:04  Marine  
  35  4:39  Hellion, Marine  
  37  4:46  Supply Depot  
  37  4:49  Banshee  
  40  5:03  SCV, Orbital Command  
  41  5:09  Command Center  
  38  5:15  Supply Depot  
  38  5:39  Raven, Missile Turret  
  38  5:40  Hellion  
  38  5:41  Marine  
  39  5:46  Missile Turret x2  
  28  6:06  Hellion  
  15  6:35  Orbital Command  
  15  6:38  Hellion  
Show
View Real Time Build Order
Export as new Build Order

Positive Terran - Winner!

Build Orders: Banshee Rush 

Get SALT Encoding   

  12  0:01  SCV  
  13  0:13  SCV  
  14  0:19  Supply Depot  
  14  0:25  SCV  
  15  0:33  Refinery  
  16  0:45  Barracks  
  16  0:46  SCV  
  16  0:58  SCV  
  16  1:04  Refinery  
  17  1:10  SCV  
  18  1:22  SCV  
  19  1:33  Reaper  
  19  1:37  Orbital Command  
  20  1:51  Factory  
  20  1:57  Supply Depot  
  20  2:03  SCV  
  20  2:06  Reaper  
  22  2:15  SCV  
  23  2:37  Hellion  
  23  2:39  Starport  
  25  2:47  Barracks Reactor, SCV  
  26  2:59  Hellion  
  26  3:00  SCV  
  26  3:01  Supply Depot  
  29  3:12  SCV  
  30  3:23  Hellion  
  30  3:24  SCV  
  32  3:35  Starport Tech Lab  
  32  3:36  SCV, Reaper x2  
  35  3:44  Supply Depot  
  35  3:49  Command Center  
  35  3:53  Engineering Bay  
  35  3:54  Factory Tech Lab  
  35  3:55  Factory Reactor  
  35  3:56  Cloaking Field  
  35  4:04  Banshee  
  37  4:20  SCV  
  35  4:48  SCV  
  35  4:50  Marine x2  
  45  4:53  Missile Turret  
  45  4:57  Viking  
  26  5:14  Marine x2  
  26  5:18  Hellion x2  
  26  5:19  Orbital Command  
  23  5:59  Viking  
  29  6:04  Marine  
  29  6:08  Widow Mine  
  31  6:13  Marine  
  30  6:29  Raven  
  29  6:37  Orbital Command  
  25  6:41  Hellion  
  25  6:45  SCV  
  26  6:54  Marine  
  27  6:57  SCV  
Tags
 
Add a new tag
Caveats
  • Supply blocks, unpowered buildings, or Contaminate may cause inaccurate times.
  • Supply counts are checked every 10 seconds.